Alex, neutral female human Ranger ---- --- --- ------ --..-----.------- --.-- --.--.| |....||.........| ---- ---...| |.....| |....--.|......-- ------|..| |..---- |....-- --......|-.|.--- --....||..---.-- |...-- ---.--.-------- --.....--......| |-..| |......| |....^........-| |...| |.--.------- ---.|............--- -----.-- --- ## --....--....| |...|-.............|---|.....| --.-- # # -............--------.---|.............--.--....-| ----...-. ### ...............<......| |.....|.................-- |....%.(| #--.........------------ --....|..................-- |.......--- --...---.-- ----|...^.....[..............- |.........-----.----...| |.| |..--.^.......................---- |................|...|.- |.--- |..@n.......................^....| ---...........-.--.--|.. |...-- |:k..>---..---...................| --...............| |.. ---..-- --.....| --.| |.....^.....|......-- |.........------- |...-- --......| --- ---.--.....----...- --.|....--- --...| |....---- -----....| ----- ----.-- ----- ---.-- ---.-- --- --- --- Alex the Trailblazer Experience level: 7 Strength: 14 Dexterity: 9 Constitution: 17 Intelligence: 13 Wisdom: 12 Charisma: 7 Health: 0(66) Energy: 32(38) AC: 10 Gold: 0 Moves: 3214 Your Inventory: Weapons b - an uncursed +1 bow (alternate weapon; not wielded) c - 42 uncursed rusty +2 arrows (in quiver) d - 46 uncursed rusty +0 arrows y - 2 [cursed] poisoned [-1] arrows Comestibles l - an [uncursed] lichen corpse Potions H - an [uncursed] greasy potion [of confusion] Tools w - an [uncursed] tin opener E - an [uncursed] brass lantern (lit) G - an [uncursed tallow] candle Gems q - an [uncursed] green gem [worthless glass] u - an [uncursed] orange gem [worthless glass] C - 2 [uncursed] orange gems [jacinth] Spells known in the end: Name Level Category Fail Memory Your skills at the end: Fighting Skills Weapon Skills dagger [Basic / Expert] bow [Basic / Expert] Spellcasting Skills Final Attributes: You were piously aligned. Hunger level was 348. Your alignment was 23 / 26. Monster difficulty range was 0 - 5. Level difficulty was 4. You were telepathic. You had automatic searching. You were stealthy. You were a werejackal. Your luck was zero. You are dead. Vanquished creatures: a housecat a Mordor orc an orc shaman a yellow light 2 gnome lords a giant ant a floating eye 5 dwarves a wererat a werejackal 4 killer bees 2 hobbits 5 giant rats a brown mold 3 yellow molds a green mold 28 gnomes 2 geckos 13 jackals 2 sewer rats 2 lichens 4 newts 82 creatures vanquished. Voluntary challenges: You used a wielded weapon 129 times. You read items or engraved 4 times. You put on armor 8 times. You never genocided any monsters. You never polymorphed an object. You changed form 2 times. You used no wishes. You never wrote Elbereth's name. You never encountered a bones level. You never used any Sokoban shortcuts. Dungeon overview: The Dungeons of Doom: levels 1 to 2 Level 1 a long staircase Level 2 stairs to The Gnomish Mines The Gnomish Mines: levels 3 to 5 Level 3 stairs to The Dungeons of Doom Level 4 <- You were here History has recorded: On T:1 you entered the Dungeons of Doom to retrieve the Amulet of Yendor! On T:210 you reached level 2 of The Dungeons of Doom. On T:438 you advanced to experience level 2. On T:740 you advanced to experience level 3. On T:1194 you reached level 1 of The Gnomish Mines. On T:1202 you advanced to experience level 4. On T:1251 you advanced to experience level 5. On T:1543 you reached level 2 of The Gnomish Mines. On T:1814 you advanced to experience level 6. On T:2198 you advanced to experience level 7. On T:2982 you reached level 3 of The Gnomish Mines. Latest messages: [HP-10=15] The gnome lord shoots an arrow! You are hit by an arrow. [HP-3=12] The dwarf picks up 2 uncursed rusty +2 arrows. The gnome picks up a runed spear. A board beneath the baby crocodile squeaks loudly. [HP+1=13] The kobold lord hits! [HP-4=9] The baby crocodile bites! [HP-3=6] The kobold lord hits! [HP-5=1] [HP+1=2] The arrow misses the baby crocodile. The arrow hits the baby crocodile. [HP+1=3] The kobold lord hits! You die... Final status: Goodbye Alex the Ranger... You died in The Gnomish Mines on dungeon level 4 with 604 points, and 0 pieces of gold, after 3214 moves. You were level 7 with a maximum of 66 hit points when you died.